 Dungeon Crawl Stone Soup version 0.28.0-43-g3370ac3207 (webtiles) character file.

Game seed: 12882543758176858842

410 Kaptain the Digger (level 6, -10/37 HPs)
             Began as a Gargoyle Earth Elementalist on Mar 16, 2022.
             Killed by divine providence
             ... invoked by an orc priest
              (13 damage)
             ... on level 4 of the Dungeon.
             The game lasted 00:07:22 (3250 turns).

Kaptain the Digger (Gargoyle Earth Elementalist)    Turns: 3250, Time: 00:07:22

Health: -10/37     AC:  8    Str: 12    XL:     6   Next: 89%
Magic:  5/11       EV: 11    Int: 17    God:
Gold:   250        SH:  0    Dex: 10    Spells: 7/11 levels left

rFire   . . .      SeeInvis .   l - +5 short sword (speed)
rCold   . . .      Faith    .   (no shield)
rNeg    + . .      Spirit   .   k - +0 leather armour
rPois   ∞          Reflect  .   (no helmet)
rElec   +          Harm     .   n - +0 cloak
rCorr   .          Rampage  .   (no gloves)
Will    .....                   (no boots)
Stlth   ++........              (no amulet)
HPRegen 0.12/turn               (no ring)
MPRegen 0.12/turn               (no ring)

@: no status effects
A: sickness immunity, AC +4, negative energy resistance 1, electricity
resistance, torment resistance 1, petrification resistance
a: no special abilities


You were on level 4 of the Dungeon.
You visited 1 branch of the dungeon, and saw 4 of its levels.

You collected 250 gold pieces.

Inventory:

Hand Weapons
 d - a +1 spear of freezing
 g - a +0 war axe
 j - a +2 dagger of venom
 l - a +5 short sword of speed (weapon)
Missiles
 e - 4 boomerangs (quivered)
 f - 24 sling bullets
Armour
 k - a +0 leather armour (worn)
 m - a +0 kite shield
 n - a +0 cloak (worn)
Wands
 i - a wand of polymorph (10)
Scrolls
 a - a scroll of magic mapping {unknown}
 p - a scroll of fog {unknown}
 r - a scroll of identify {unknown}
 s - a scroll of teleportation {unknown}
Potions
 h - a potion of degeneration {unknown}
 q - a potion of berserk rage {unknown}


   Skills:
 * Level 3.1 Fighting
 + Level 2.0 Armour
 - Level 1.5 Dodging
 - Level 2.1 Stealth
 + Level 1.4 Shields
 * Level 3.4 Spellcasting
 * Level 3.2 Conjurations
 - Level 0.7 Transmutations
 * Level 5.1 Earth Magic


You had 7 spell levels left.
You knew the following spells:

 Your Spells              Type           Power      Damage    Failure   Level
a - Sandblast             Erth           40%        2d10      2%          1
b - Stone Arrow           Conj/Erth      34%        3d9       12%         3

Your spell library contained the following spells:

 Spells                   Type           Power      Damage    Failure   Level
 Passwall                 Tmut/Erth      10%        N/A       10%         2
 Gell's Gravitas          Tloc           2%         N/A       54%         3
 Teleport Other           Tloc           2%         N/A       54%         3
 Petrify                  Tmut/Erth      12%        N/A       54%         4
 Dispersal                Tloc           1%         N/A       100%        6


Dungeon Overview and Level Annotations

Branches:
Dungeon (4/15)
 Temple: D:4-7

Altars:
Ashenzari
Nemelex Xobeh

Shops:
D:4 (!*


Innate Abilities, Weirdness & Mutations

You are immune to sickness and miasma.
Your stone body is resilient. (AC +4)
You are immune to poison.
You resist negative energy. (rN+)
You are resistant to electric shocks. (rElec)
You are resistant to unholy torment.
You are immune to petrification.


Message History

The orc priest is healed somewhat.
Unknown command.
Casting: Stone Arrow (dangerous; 12% risk of failure)
Confirm with . or Enter, or press ? or * to list all spells.
Aiming: Stone Arrow (dangerous; 12% risk of failure)
Press: ? - help, Shift-Dir - straight line, f/p - orc priest
Aim: an orc priest, wielding a +0 hand axe (heavily wounded, 68% to hit)
The stone arrow hits the orc priest!
The orc priest is heavily wounded.
Unknown command.
Casting: Stone Arrow (dangerous; 12% risk of failure)
Confirm with . or Enter, or press ? or * to list all spells.
Aiming: Stone Arrow (dangerous; 12% risk of failure)
Press: ? - help, Shift-Dir - straight line, f/p - orc priest
Aim: an orc priest, wielding a +0 hand axe (heavily wounded, 68% to hit)
The stone arrow hits the orc priest!
You kill the orc priest!
The orc priest looks braver for a moment.
Unknown command.
Casting: Stone Arrow (dangerous; 12% risk of failure)
Confirm with . or Enter, or press ? or * to list all spells.
You don't have enough magic to cast this spell.
Unknown command.
Casting: Stone Arrow (dangerous; 12% risk of failure)
Confirm with . or Enter, or press ? or * to list all spells.
You don't have any stones to cast with.
Unknown command.
Okay, then.
The orc priest looks satisfied for a moment.
The orc priest looks braver for a moment.
The orc hits you but does no damage.
The orc priest invokes the aid of Beogh against you.
Beogh smites you!
* * * LOW HITPOINT WARNING * * *
The orc priest mumbles some strange prayers to Beogh against you.
Beogh smites you!
* * * LOW HITPOINT WARNING * * *
The orc priest calls down the wrath of Beogh upon you.
Beogh smites you!
You die...

#..........##.##.##.##..
#######.....###.#.###...
#.........#.......
#....#...###......
########.....##...
##.######.. #########
#....###.. #.......#
#........# #<...@..#
#.........
#......o#####.........
#........o..........##
##.......##...........#
#........####o.........
#.#...#..# ##.......#.
#..#.#...# ####...(#.
##...∩....# #.##...
#...#.#..## ###..###.


You could see an orc priest and 2 orcs.

Vanquished Creatures
  A black bear (D:4)
  A bullfrog skeleton (D:4)
  An orc priest (D:4)
  A gnoll shaman (D:4)
  Natasha (D:2)
  2 orc wizards (D:4)
  5 gnolls (D:4)
  4 adders
  A worm (D:3)
  2 dart slugs (D:2)
  8 orcs (D:4)
  2 ball pythons (D:3)
  9 bats
  5 endoplasms
  3 giant cockroaches
  2 goblins
  4 hobgoblins
  2 jackals (D:2)
  4 quokkas
  2 frilled lizards
  4 kobolds
  4 rats
68 creatures vanquished.

Notes
Turn   | Place    | Note
-------+----------+-------------------------------------------
     0 | D:1      | Kaptain the Gargoyle Earth Elementalist began the quest for
                  | the Orb.
     0 | D:1      | Reached XP level 1. HP: 10/10 MP: 3/3
   540 | D:1      | Reached XP level 2. HP: 16/16 MP: 3/5
   740 | D:2      | Reached skill level 1 in Fighting
   740 | D:2      | Reached skill level 1 in Conjurations
   784 | D:2      | Noticed Natasha
   789 | D:2      | Killed Natasha
   790 | D:2      | Reached skill level 4 in Earth Magic
   790 | D:2      | Reached XP level 3. HP: 11/20 MP: 2/6
   794 | D:2      | Learned a level 3 spell: Stone Arrow
  1053 | D:2      | Reached skill level 1 in Armour
  1120 | D:2      | Reached XP level 4. HP: 25/25 MP: 4/7
  1973 | D:3      | Found a broken altar of Ashenzari.
  2395 | D:4      | Found Kiduseuq's Weapon Boutique.
  2538 | D:4      | Reached XP level 5. HP: 30/30 MP: 5/9
  2612 | D:4      | Found a sparkling altar of Nemelex Xobeh.
  2676 | D:4      | Found Weoryfi's Distillery.
  2703 | D:4      | Found Woiheno's Assorted Antiques.
  3011 | D:4      | Reached skill level 1 in Shields
  3011 | D:4      | Reached XP level 6. HP: 36/36 MP: 4/10
  3025 | D:4      | Noticed a black bear
  3033 | D:4      | Killed a black bear
  3034 | D:4      | Reached skill level 5 in Earth Magic
  3250 | D:4      | Killed from afar by an orc priest

Illustrated notes

Levels and vault maps discovered:
D:1:      lemuel_arrival_tunnels, layout_basic
D:2:      layout_loops_ring, st_stairs_7, uniq_natasha
D:3:      layout_loops_ring, nicolae_overflow_hidden_temple, item_on_display_b
D:4:      minmay_wonky_spiral, layout_rooms, nemelex_dance_club_becter,
          serial_shops, kennysheep_little_box, shop, nicolae_take_the_stairs,
          nicolae_shop_advertising_works [nicolae_subvault_shop_adworks]

Skill      XL: |  1  2  3  4  5  6 |
---------------+-------------------+-----
Fighting       | 1 2 3 |  3.1
Conjurations   | 1 2 3 |  3.2
Earth Magic    | 4 5 |  5.1
Armour         | 1 2 |  2.0
Spellcasting   | 3 |  3.4
Shields        | 1 |  1.4
Dodging        | |  1.5
Stealth        | |  2.1
Transmutations | |  0.7

Action                   |  1- 3 |  4- 6 || total
-------------------------+-------+-------++-------
Melee: Short sword       |     1 |    26 ||    27
       Dagger            |       |    33 ||    33
       Punch             |       |     1 ||     1
 Cast: Sandblast         |    26 |    53 ||    79
       Stone Arrow       |       |     3 ||     3
  Use: Scroll            |       |     2 ||     2
       Potion            |       |     1 ||     1
 Stab: Sleeping          |     1 |     3 ||     4
Armor: Robe              |     2 |       ||     2
       Leather armour    |       |    27 ||    27
Dodge: Dodged            |     1 |    30 ||    31
